[Event "Titled Tuesday Blitz April 11 Early 2023"]
[White "morozcoma"]
[Black "Mordechai, Hanan"]
[BlackFideId "2804166"]
[WhiteElo "2284"]
[BlackElo "2324"]
[Result "1-0"]
[Round "10"]
[TimeControl "180+2"]
[Date "2023.04.11"]
[WhiteClock "0:00:19"]
[BlackClock "0:00:13"]

1. e4 c5 2. Nf3 e6 3. Nc3 a6 4. d4 cxd4 5. Nxd4 b5 6. Nb3 Bb7 7. Bd3 Nc6 8. f4 Nf6 9. Qf3 Be7 10. O-O b4 11. Ne2 d5 12. e5 Ne4 13. Bxe4 dxe4 14. Qxe4 O-O 15. Qf3 a5 16. Qg3 a4 17. Nd2 Nd4 18. Nxd4 Qxd4+ 19. Qf2 Qd5 20. Nf3 Bc5 21. Be3 Be7 22. Rfd1 Qc4 23. Rd4 Qc6 24. Rd2 Rac8 25. Rad1 Qe4 26. Nd4 h6 27. Qf3 Rfd8 28. Qxe4 Bxe4 29. Kf2 a3 30. b3 Rc3 31. Rc1 Bc5 32. g3 f6 33. exf6 gxf6 34. Rcd1 Kf7 35. Re1 e5 36. fxe5 fxe5 37. Nf3 Rxd2+ 38. Nxd2 Bxc2 39. Bxc5 Rxc5 40. Nc4 e4 41. Ke3 Bd3 42. Kd4 Rc8 43. Ne5+ Ke6 44. Nxd3 Kd6 45. Rxe4 Rc2 46. Nxb4 Rxh2 47. Rh4 Rg2 48. Rxh6+ Kd7 49. Ra6 Rxg3 50. Rxa3 Rg1 51. Nd3 Rg4+ 52. Kd5 Kc8 53. Ne5 Rg1 54. Kc6 Rc1+ 55. Nc4 Kb8 56. Kb6 Rh1 57. Ra5 Rh6+ 58. Kc5 Rh5+ 59. Kc6 Rh6+ 60. Nd6 Rh3 61. b4 Rb3 62. Rb5+ 1-0


[Site "https://www.chess.com"]

[Event "Titled Tuesday Blitz April 11 Early 2023"]
[White "Avazkhonov, Alikhon"]
[Black "Palacio,Igor Da Paz"]
[WhiteFideId "14208504"]
[BlackFideId "2121140"]
[WhiteElo "1739"]
[BlackElo "2126"]
[Result "1-0"]
[Round "10"]
[TimeControl "180+2"]
[Date "2023.04.11"]
[WhiteClock "0:00:57"]
[BlackClock "0:00:01"]

1. f4 Nf6 2. Nf3 g6 3. g3 Bg7 4. Bg2 d6 5. O-O O-O 6. d3 c6 7. e4 a5 8. Nc3 Na6 9. h3 b5 10. e5 Nd5 11. Nd4 Qb6 12. Nxd5 cxd5 13. Be3 dxe5 14. Nf5 d4 15. Nxe7+ Kh8 16. Nd5 Qd8 17. Bf2 Bb7 18. c4 dxc3 19. Nxc3 Bxg2 20. Kxg2 exf4 21. gxf4 f5 22. Qf3 b4 23. Nd5 Rc8 24. Rfe1 Qd6 25. Nb6 Rc2 26. Nc4 Qc7 27. Re2 Rxe2 28. Qxe2 h6 29. Qe6 Nc5 30. Qxg6 Qxf4 31. Bxc5 Rg8 32. Rf1 Qc7 33. Qxf5 1-0


[Site "https://www.chess.com"]

[Event "Titled Tuesday Blitz April 11 Early 2023"]
[White "mjelcic"]
[Black "Smith, Garrett L"]
[BlackFideId "2024829"]
[WhiteElo "2264"]
[BlackElo "2330"]
[Result "1-0"]
[Round "10"]
[TimeControl "180+2"]
[Date "2023.04.11"]
[WhiteClock "0:00:09"]
[BlackClock "0:00:07"]

1. c4 c5 2. Nc3 Nc6 3. g3 e5 4. Bg2 Nf6 5. e4 d6 6. Nge2 Be7 7. O-O Nd4 8. d3 a6 9. f4 Rb8 10. Nxd4 cxd4 11. Nd5 Nxd5 12. exd5 Bf6 13. fxe5 dxe5 14. b3 O-O 15. Ba3 Re8 16. Be4 h6 17. Qf3 Qd7 18. Rae1 Qg4 19. Bc1 Qxf3 20. Rxf3 Bd8 21. Ref1 f6 22. h4 Bb6 23. Bg6 Rd8 24. Be4 Bg4 25. R3f2 Bc5 26. Kg2 b5 27. Bxh6 bxc4 28. Bxg7 Kxg7 29. Rxf6 Rd6 30. Rf7+ Kg8 31. dxc4 Rh6 32. Rc7 Bb6 33. Re7 Be2 34. Rff7 d3 35. d6 d2 36. d7 d1=Q 37. Bd5 Qg1+ 38. Kh3 Rxh4+ 39. Kxh4 Qh2+ 40. Kg5 Qh5+ 41. Kf6 Qh6+ 42. Kf5 Bd3+ 43. Kg4 Kh8 44. Re8+ 1-0


[Site "https://www.chess.com"]

[Event "Titled Tuesday Blitz April 11 Early 2023"]
[White "MunichMouse"]
[Black "Yosha_Iglesias"]
[WhiteElo "2306"]
[BlackElo "2438"]
[Result "1-0"]
[Round "10"]
[TimeControl "180+2"]
[Date "2023.04.11"]
[WhiteClock "0:00:52"]
[BlackClock "0:00:01"]

1. d4 d5 2. c4 e6 3. Nf3 h6 4. g3 Nf6 5. Bg2 Bd6 6. Nbd2 c5 7. dxc5 Bxc5 8. O-O O-O 9. a3 a5 10. Qc2 Be7 11. e4 dxe4 12. Nxe4 Nc6 13. Rd1 Qc7 14. Bf4 e5 15. Be3 Bg4 16. Nxf6+ Bxf6 17. Qe4 Qc8 18. Bc5 Re8 19. Bd6 Nd4 20. Nxd4 Bxd1 21. Nb5 Bb3 22. Nc7 Qd7 23. Nxe8 Rxe8 24. c5 b6 25. Qc6 Qxc6 26. Bxc6 Rc8 27. cxb6 Rxc6 28. b7 Rb6 29. b8=Q+ Rxb8 30. Bxb8 e4 31. Re1 a4 32. Rxe4 Bxb2 33. Re8+ Kh7 34. Bd6 Kg6 35. Bc5 f5 36. f4 Kf7 37. Re7+ Kf6 38. Re2 Bc3 39. Kf2 g5 40. Ke3 gxf4+ 41. gxf4 Ba1 42. Bd4+ 1-0


[Site "https://www.chess.com"]

[Event "Titled Tuesday Blitz April 11 Early 2023"]
[White "Prudnykova, Olga"]
[Black "Palencia Morales, Wilson Guillermo"]
[WhiteFideId "14121093"]
[BlackFideId "4401859"]
[WhiteElo "2113"]
[BlackElo "2139"]
[Result "0-1"]
[Round "10"]
[TimeControl "180+2"]
[Date "2023.04.11"]
[WhiteClock "0:00:47"]
[BlackClock "0:01:08"]

1. e4 c5 2. Nf3 Nc6 3. Nc3 d6 4. Bb5 Bd7 5. Bxc6 Bxc6 6. d4 cxd4 7. Nxd4 Nf6 8. Qe2 e5 9. Nxc6 bxc6 10. b3 Be7 11. Bb2 O-O 12. O-O-O a5 13. Qc4 Qb6 14. f3 Qb4 15. Qxb4 axb4 16. Na4 Rxa4 17. bxa4 Ra8 18. a3 bxa3 19. Bxa3 Ne8 20. Rd3 Rxa4 21. Kb2 g6 22. Ra1 f5 23. exf5 gxf5 24. Rb3 Rc4 25. Rb7 Kf7 26. Rd1 Ke6 27. Rb8 Nf6 28. Rb6 Nd5 29. Rb7 Rh4 30. h3 Ne3 31. Rd2 Nc4+ 32. Kc3 Nxa3 0-1


[Site "https://www.chess.com"]

[Event "Titled Tuesday Blitz April 11 Early 2023"]
[White "Kula, Robert"]
[Black "Estrada Nieto, Julian"]
[WhiteFideId "1101218"]
[BlackFideId "5101018"]
[WhiteElo "2180"]
[BlackElo "2161"]
[Result "0-1"]
[Round "10"]
[TimeControl "180+2"]
[Date "2023.04.11"]
[WhiteClock "0:01:17"]
[BlackClock "0:00:37"]

1. d4 Nf6 2. c4 e6 3. Nc3 Bb4 4. Qc2 O-O 5. Nf3 d5 6. e3 b6 7. a3 Bxc3+ 8. Qxc3 Ne4 9. Qc2 Bb7 10. Bd3 f5 11. O-O Nd7 12. b4 Qe8 13. c5 bxc5 14. dxc5 c6 15. Bb2 Qh5 16. Ne5 Nxe5 17. Bxe5 Ng5 18. Qc3 Nf7 19. Bxg7 Rfe8 20. Be5 Qg6 21. f4 Nxe5 22. Qxe5 Kf7 23. Rf3 Qf6 24. Rh3 Qxe5 25. fxe5 Rh8 26. a4 a6 27. Rf1 Rag8 28. Rh6 Rg6 29. Rh4 h6 30. g3 Kg7 31. Kg2 Rb8 32. h3 Bc8 33. Rhf4 Rg5 34. Rb1 Bd7 35. Kf3 Kf8 36. g4 Ke7 37. h4 Rxg4 38. Rxg4 fxg4+ 39. Kxg4 Rg8+ 40. Kh5 Rg3 41. Bxa6 Be8+ 42. Kxh6 Rg6+ 43. Kh7 Rg4 44. h5 Bxh5 45. b5 Bg6+ 46. Kh6 Bxb1 47. bxc6 Kd8 48. Kh5 Rxa4 49. Bb5 Rb4 50. Bd3 Bxd3 0-1


[Site "https://www.chess.com"]

[Event "Titled Tuesday Blitz April 11 Early 2023"]
[White "Van Osch, Mees"]
[Black "Skaric, Djuro"]
[WhiteFideId "1035967"]
[BlackFideId "934569"]
[WhiteElo "2324"]
[BlackElo "2282"]
[Result "0-1"]
[Round "10"]
[TimeControl "180+2"]
[Date "2023.04.11"]
[WhiteClock "0:00:06"]
[BlackClock "0:00:23"]

1. e4 d6 2. d4 g6 3. h4 Bg7 4. h5 gxh5 5. Nc3 Nc6 6. d5 Ne5 7. Qxh5 Bg4 8. Qg5 Bf6 9. Qf4 h6 10. Bb5+ c6 11. dxc6 bxc6 12. Bxc6+ Nxc6 13. Qxg4 Bxc3+ 14. bxc3 Nf6 15. Qf5 Qa5 16. Qxa5 Nxa5 17. Rxh6 Rxh6 18. Bxh6 Nxe4 19. Ne2 Rc8 20. Bd2 Nc4 21. Bc1 Rb8 22. f3 Nf6 23. Nd4 a5 24. Ke2 Kd7 25. a4 Nd5 26. Nb5 Rh8 27. Kd3 Ne5+ 28. Kd4 Nb6 29. Bf4 Nc6+ 30. Kd3 e5 31. Be3 Nd5 32. c4 Ndb4+ 33. Kd2 Rh4 34. c3 Na6 35. Kd3 f5 36. Rd1 e4+ 37. Ke2 exf3+ 38. gxf3 Rxc4 39. Nxd6 Rxa4 40. Nxf5+ Kc7 41. Nd4 Ne7 42. Bf4+ Kb7 43. Nb3 Rxf4 44. Rd7+ Kb6 45. Rxe7 a4 46. Re6+ Ka7 47. Nd4 Rh4 48. Ke3 Nc5 49. Re7+ Kb6 50. Re8 a3 51. Rb8+ Nb7 52. Ra8 Na5 53. Nb3 Nxb3 54. Rb8+ Kc5 55. Rxb3 Ra4 56. Rb1 a2 57. Ra1 Kc4 58. Kd2 Kb3 59. f4 Kb2 60. Rxa2+ Kxa2 61. Ke3 Kb3 62. f5 Kxc3 63. f6 Ra6 64. f7 Rf6 0-1


[Site "https://www.chess.com"]

[Event "Titled Tuesday Blitz April 11 Early 2023"]
[White "Tarasova, Viktoriya"]
[Black "Chabris, Christopher"]
[WhiteFideId "4175840"]
[BlackFideId "2005263"]
[WhiteElo "2182"]
[BlackElo "2280"]
[Result "1-0"]
[Round "10"]
[TimeControl "180+2"]
[Date "2023.04.11"]
[WhiteClock "0:00:02"]
[BlackClock "0:00:05"]

1. d4 Nf6 2. c4 e6 3. Nc3 Bb4 4. Nf3 Bxc3+ 5. bxc3 d6 6. Qc2 O-O 7. e4 e5 8. Bd3 Nc6 9. Rb1 b6 10. O-O Re8 11. a3 h6 12. Bb2 Na5 13. Rfe1 Qd7 14. Nd2 Ba6 15. Qd1 c5 16. d5 Rac8 17. f3 Bb7 18. Nb3 Nxb3 19. Qxb3 Nh5 20. g3 Qe7 21. Bc1 g5 22. a4 Rb8 23. a5 Bc8 24. axb6 axb6 25. Be2 Nf6 26. Be3 Kg7 27. Qd1 g4 28. fxg4 Nxe4 29. Qd3 Ng5 30. h4 e4 31. Qd2 Qe5 32. Bf4 Nh3+ 33. Kh2 Nxf4 34. gxf4 Qf6 35. Kg3 e3 36. Qd3 h5 37. Bf3 hxg4 38. Bxg4 Bxg4 39. Kxg4 Rg8 40. Kh3 Rbe8 41. Rxe3 Kh6 42. Rbe1 Qg7 43. Qe2 Qg4+ 44. Qxg4 1-0


[Site "https://www.chess.com"]

[Event "Titled Tuesday Blitz April 11 Early 2023"]
[White "Gheorghiu, Calin"]
[Black "Barwinska, Ewa"]
[WhiteFideId "1200305"]
[BlackFideId "21833761"]
[WhiteElo "2223"]
[BlackElo "1908"]
[Result "1-0"]
[Round "10"]
[TimeControl "180+2"]
[Date "2023.04.11"]
[WhiteClock "0:01:27"]
[BlackClock "0:00:30"]

1. e4 c5 2. Nf3 d6 3. d4 cxd4 4. Nxd4 Nf6 5. Nc3 a6 6. Bg5 e6 7. f4 Nc6 8. Nb3 Be7 9. Qf3 Qc7 10. O-O-O h6 11. Bxf6 Bxf6 12. g4 Be7 13. h4 b5 14. g5 Bb7 15. g6 f6 16. Bh3 Nd8 17. Nd4 f5 18. Bxf5 exf5 19. Nxf5 Ne6 20. Nd5 Bxd5 21. exd5 Rc8 22. Rh2 Nf8 23. Re1 Nxg6 24. h5 Ne5 25. fxe5 Bg5+ 26. Kb1 dxe5 27. d6 Qc5 28. Nxg7+ Kd7 29. Qb7+ Kxd6 30. Rd1+ Qd4 31. Nf5+ 1-0


[Site "https://www.chess.com"]

[Event "Titled Tuesday Blitz April 11 Early 2023"]
[White "Krzywda, Andrzej"]
[Black "lluiss"]
[WhiteFideId "1114565"]
[WhiteElo "2155"]
[BlackElo "2266"]
[Result "0-1"]
[Round "10"]
[TimeControl "180+2"]
[Date "2023.04.11"]
[WhiteClock "0:00:04"]
[BlackClock "0:00:02"]

1. e4 c5 2. Nf3 d6 3. d4 cxd4 4. Nxd4 Nf6 5. Nc3 g6 6. Be3 Bg7 7. f3 O-O 8. Qd2 Nc6 9. O-O-O d5 10. exd5 Nxd5 11. Nxc6 bxc6 12. Bd4 Bxd4 13. Qxd4 Qb6 14. Na4 Qc7 15. g3 e5 16. Qc5 Be6 17. Bc4 Nb6 18. Bb3 Rad8 19. Qc3 Nxa4 20. Bxa4 c5 21. Rhe1 Rd4 22. b3 Rfd8 23. Rd3 Bf5 24. Rde3 f6 25. Bb5 Qd6 26. Bc4+ Kg7 27. Kb2 Rd2 28. R3e2 Rxe2 29. Rxe2 Qd4 30. g4 Bc8 31. g5 Bb7 32. gxf6+ Kxf6 33. f4 Qxc3+ 34. Kxc3 exf4 35. Re6+ Kg5 36. Re7 Bg2 37. Rxa7 Rf8 38. Rxh7 f3 39. a4 f2 40. a5 f1=Q 41. Bxf1 Bxf1 42. Rc7 Rf5 43. Rc6 c4 44. h4+ Kh5 45. a6 cxb3 46. cxb3 Ra5 0-1


[Site "https://www.chess.com"]

[Event "Titled Tuesday Blitz April 11 Early 2023"]
[White "Biriukov, Ilja"]
[Black "Buscar, Michael"]
[WhiteFideId "4113373"]
[BlackFideId "2603616"]
[WhiteElo "2426"]
[BlackElo "2010"]
[Result "1/2-1/2"]
[Round "10"]
[TimeControl "180+2"]
[Date "2023.04.11"]
[WhiteClock "0:00:11"]
[BlackClock "0:00:35"]

1. d4 d5 2. Nc3 c5 3. Nf3 cxd4 4. Nxd4 Nc6 5. Be3 e5 6. Nxc6 bxc6 7. Bd2 Nf6 8. e3 Bf5 9. Bd3 Bg6 10. O-O Bd6 11. f3 Qc7 12. Qe2 e4 13. fxe4 Bxh2+ 14. Kh1 Nxe4 15. Bxe4 dxe4 16. Qg4 f5 17. Rxf5 Bxf5 18. Qxf5 Qe5 19. Qh3 O-O 20. Qxh2 Qxh2+ 21. Kxh2 Rf2 22. Nxe4 Re2 23. Re1 Rxe1 24. Bxe1 Re8 25. Ng3 Rxe3 26. Bc3 Re7 27. Nf5 Rf7 28. Nxg7 Rf2 29. Ne6 Rxc2 30. Nd4 Rf2 31. Nxc6 a6 32. Nb4 a5 33. Nc6 a4 34. a3 Kf7 35. Kg3 Rf1 36. Ne5+ Ke6 37. Nd3 Kd5 38. Nf4+ Kc4 39. Kg4 Kb3 40. g3 Rc1 41. Nh5 Rxc3 42. bxc3 Kxa3 43. Nf4 Kb3 44. Nd3 Kxc3 45. Nc1 a3 46. Kh5 Kb2 47. Nd3+ Kc2 48. Nb4+ Kb3 49. Nd3 Kc3 50. Nc1 Kb2 51. Nd3+ Kc2 52. Nb4+ Kb3 53. Nd3 Kc3 54. Nc1 1/2-1/2


[Site "https://www.chess.com"]

[Event "Titled Tuesday Blitz April 11 Early 2023"]
[White "Okike, David"]
[Black "Schuh, Karsten"]
[WhiteFideId "8500134"]
[BlackFideId "4637950"]
[WhiteElo "2232"]
[BlackElo "2138"]
[Result "1-0"]
[Round "10"]
[TimeControl "180+2"]
[Date "2023.04.11"]
[WhiteClock "0:01:17"]
[BlackClock "0:00:07"]

1. e4 c5 2. Nf3 Nc6 3. d4 cxd4 4. Nxd4 Qc7 5. Nc3 e6 6. Be3 a6 7. f3 Nf6 8. Qd2 Bb4 9. a3 Bxc3 10. Qxc3 d5 11. Nxc6 bxc6 12. e5 Nd7 13. f4 O-O 14. Be2 c5 15. Bf2 Bb7 16. O-O Rac8 17. b3 d4 18. Qh3 a5 19. Bd3 g6 20. a4 Nb6 21. Be1 Nd5 22. Bd2 Ne7 23. Rae1 Nf5 24. g4 Ne3 25. Bxe3 dxe3 26. Rxe3 c4 27. bxc4 Qc5 28. Rf2 Bc6 29. f5 exf5 30. gxf5 Rb8 31. f6 Rb1+ 32. Bf1 h5 33. Qg3 Kh7 34. Qf4 Re8 35. h4 Re6 36. Kh2 Bb7 37. Bg2 Bxg2 38. Rxg2 Qc6 39. Reg3 Qxa4 40. Rg5 Kg8 41. Rxh5 Qa1 42. Rh8+ Kxh8 43. Qh6+ Kg8 44. Qg7# 1-0


[Site "https://www.chess.com"]

[Event "Titled Tuesday Blitz April 11 Early 2023"]
[White "Zaichenko, Daria"]
[Black "Inepton_Fermion"]
[WhiteFideId "4197453"]
[WhiteElo "2039"]
[BlackElo "2347"]
[Result "1-0"]
[Round "10"]
[TimeControl "180+2"]
[Date "2023.04.11"]
[WhiteClock "0:00:22"]
[BlackClock "0:00:02"]

1. e4 g6 2. d4 Bg7 3. f4 c6 4. Nf3 d5 5. e5 h5 6. Be3 Bg4 7. Nbd2 Nh6 8. h3 Bxf3 9. Nxf3 Nf5 10. Bf2 Nd7 11. Bd3 e6 12. Qd2 a5 13. c3 a4 14. Qc2 h4 15. Ng5 b5 16. Qe2 Bh6 17. Qg4 Bxg5 18. fxg5 Qa5 19. a3 Nb6 20. Bxf5 exf5 21. Qf4 Nc4 22. Rb1 Ke7 23. Bxh4 Nxa3 24. bxa3 Qxc3+ 25. Kf2 Qxa3 26. e6 Qd6 27. Qxd6+ Kxd6 28. Bg3+ Kxe6 29. Rhe1+ Kd7 30. Be5 Rhe8 31. Rb4 Kc8 32. Rc1 Kb7 33. Ke3 Kb6 34. Kd3 Re6 35. Ra1 Ka5 36. Rab1 Rae8 37. Kc3 Ka6 38. Ra1 Rxe5 39. dxe5 Rxe5 40. Kd4 Re4+ 41. Kc5 Rxb4 42. Kxb4 Kb6 43. Rc1 d4 44. g4 fxg4 45. hxg4 d3 46. Rc3 d2 47. Rd3 c5+ 48. Ka3 Ka5 49. Rxd2 b4+ 50. Kb2 a3+ 51. Kb3 Kb5 52. Rd5 Kc6 53. Re5 Kd6 54. Re8 1-0


[Site "https://www.chess.com"]

[Event "Titled Tuesday Blitz April 11 Early 2023"]
[White "Alice, Mateus Felizardo Viageiro"]
[Black "babbilator"]
[WhiteFideId "14800047"]
[WhiteElo "2189"]
[BlackElo "2254"]
[Result "0-1"]
[Round "10"]
[TimeControl "180+2"]
[Date "2023.04.11"]
[WhiteClock "0:01:59"]
[BlackClock "0:00:51"]

1. Nf3 Nf6 2. c4 c5 3. Nc3 Nc6 4. e3 e5 5. d3 Be7 6. Be2 O-O 7. O-O d5 8. cxd5 Nxd5 9. d4 exd4 10. exd4 cxd4 11. Nxd4 Bf6 12. Nxc6 bxc6 13. Nxd5 cxd5 14. Bf3 Be6 15. Qa4 a5 16. Rd1 Rb8 17. Qa3 Rb4 18. h3 g6 19. Rb1 Bf5 20. Rxd5 Qe7 21. Rxf5 Qe1+ 22. Kh2 gxf5 23. Qb3 Rxb3 24. axb3 Be5+ 0-1


[Site "https://www.chess.com"]

[Event "Titled Tuesday Blitz April 11 Early 2023"]
[White "Fuzesabonyilaci"]
[Black "FuenfgegenWilly"]
[WhiteElo "2339"]
[BlackElo "2243"]
[Result "0-1"]
[Round "10"]
[TimeControl "180+2"]
[Date "2023.04.11"]
[WhiteClock "0:00:03"]
[BlackClock "0:01:12"]

1. g3 h5 2. Bg2 h4 3. e4 d6 4. d4 Nf6 5. Nc3 a6 6. Bg5 h3 7. Bf3 Nbd7 8. Qd2 c5 9. O-O-O cxd4 10. Qxd4 e6 11. Bg4 Qa5 12. Bxf6 Nxf6 13. Bxh3 e5 14. Qc4 Bxh3 15. Nxh3 Rxh3 16. f4 Qc5 17. Qb3 b5 18. Kb1 Be7 19. a3 Rc8 20. Rd2 Qc4 21. Qxc4 Rxc4 22. Re1 Ng4 23. Nd5 Nxh2 24. Rd3 Ng4 25. b3 Rc6 26. f5 Rh2 27. Nb4 Rb6 28. Nd5 Rb7 29. Rc3 Kd7 30. Rd1 Nf6 31. Nxe7 Kxe7 32. Rc6 Nxe4 33. Kb2 a5 34. Ra6 a4 35. b4 Nd2 36. Kc3 Nc4 37. f6+ gxf6 38. Rc6 Rg2 39. Rd3 Nxa3 40. Rdxd6 Rxc2+ 41. Kd3 Rxc6 42. Rxc6 Nc4 43. Rc5 a3 44. Rc7+ Rxc7 0-1


[Site "https://www.chess.com"]

[Event "Titled Tuesday Blitz April 11 Early 2023"]
[White "Nugumanov, Bakhtiyar"]
[Black "Novikova, Galina"]
[WhiteFideId "13701797"]
[BlackFideId "4157095"]
[WhiteElo "2209"]
[BlackElo "1953"]
[Result "1-0"]
[Round "10"]
[TimeControl "180+2"]
[Date "2023.04.11"]
[WhiteClock "0:00:11"]
[BlackClock "0:00:30"]

1. Nf3 e6 2. g3 d5 3. c4 c6 4. Bg2 Nf6 5. O-O Be7 6. d4 O-O 7. Qc2 dxc4 8. Qxc4 Nbd7 9. Nbd2 Nb6 10. Qc2 Nbd5 11. e4 Nc7 12. Nb3 a5 13. a4 Na6 14. Bd2 Bb4 15. Bc3 b6 16. Rad1 Bb7 17. Rfe1 Rc8 18. Ne5 Qe7 19. Qe2 Rfd8 20. Nc4 Qc7 21. h4 h6 22. g4 c5 23. g5 hxg5 24. hxg5 Nd7 25. d5 Bxc3 26. bxc3 Nf8 27. d6 Qc6 28. Ra1 Ng6 29. Qg4 Nb8 30. e5 Qxg2+ 31. Qxg2 Bxg2 32. Kxg2 Rc6 33. Kg3 Nd7 34. f4 Re8 35. Nbd2 f6 36. Nf3 Kf7 37. gxf6 gxf6 38. exf6 Kxf6 39. Re4 Rg8 40. Kf2 Rh8 41. Rae1 Ndf8 42. Ng5 Nxf4 43. Rxf4+ Kxg5 44. Rf7 Kg6 45. Rb7 Rc8 46. Rg1+ Kf6 47. Nxb6 Rd8 48. Nc4 Ng6 49. Rb5 Rh2+ 50. Kg3 Rc2 51. Rf1+ Kg7 52. Rf3 e5 53. Rxc5 e4 54. Re3 Re8 55. d7 Rd8 56. Nb6 Kf6 57. Rc8 Ke7 58. Rxe4+ Kf6 59. Rxd8 Rxc3+ 60. Kf2 Rc2+ 61. Re2 Rc7 62. Rf8+ Nxf8 63. d8=Q+ 1-0


[Site "https://www.chess.com"]

[Event "Titled Tuesday Blitz April 11 Early 2023"]
[White "Rose, Felix"]
[Black "Dahlgren, James Allen"]
[WhiteFideId "5105722"]
[BlackFideId "22256873"]
[WhiteElo "2039"]
[BlackElo "2190"]
[Result "0-1"]
[Round "10"]
[TimeControl "180+2"]
[Date "2023.04.11"]
[WhiteClock "0:00:04"]
[BlackClock "0:00:13"]

1. e4 e6 2. d4 c5 3. Nf3 cxd4 4. Nxd4 Nf6 5. Nc3 Nc6 6. Ndb5 d6 7. Bf4 e5 8. Bg5 a6 9. Na3 b5 10. Nd5 Be7 11. Bxf6 Bxf6 12. c3 O-O 13. Nc2 Bg5 14. a4 Rb8 15. axb5 axb5 16. Ncb4 Nxb4 17. Nxb4 Qb6 18. Be2 Be6 19. Ra6 Qb7 20. Qd3 Bc4 21. Qf3 Bxe2 22. Qxe2 f5 23. O-O Qxe4 24. Qh5 Rf6 25. Qxg5 Rg6 26. f3 Qe2 27. Qxg6 hxg6 28. Rf2 Qe1+ 29. Rf1 Qe3+ 30. Kh1 Qe2 31. Rb1 d5 32. Nxd5 Qd3 33. Ne7+ Kf7 34. Rba1 Kxe7 35. Rxg6 Kf7 36. Rc6 Rb7 37. h3 f4 38. Re1 Qd5 39. Rc8 Re7 40. b4 Qd2 41. Re4 Qf2 42. Rc5 Rd7 0-1


[Site "https://www.chess.com"]

[Event "Titled Tuesday Blitz April 11 Early 2023"]
[White "Rodriguez Santiago, Jaime"]
[Black "Jaivardhan Raj"]
[WhiteFideId "3100898"]
[BlackFideId "25744437"]
[WhiteElo "2025"]
[BlackElo "1772"]
[Result "1-0"]
[Round "10"]
[TimeControl "180+2"]
[Date "2023.04.11"]
[WhiteClock "0:00:35"]
[BlackClock "0:00:02"]

1. c4 e5 2. Nc3 Nf6 3. g3 g6 4. Bg2 Bg7 5. e4 O-O 6. Nge2 c5 7. O-O d6 8. d3 Nc6 9. h3 Rb8 10. Be3 a6 11. a4 Nd7 12. Rb1 f5 13. exf5 gxf5 14. f4 Nd4 15. b4 b6 16. fxe5 Nxe5 17. Nxd4 cxd4 18. Bxd4 Nf3+ 19. Qxf3 Bxd4+ 20. Kh2 Bxc3 21. d4 Bd2 22. Qd5+ Kh8 23. Rb2 Bh6 24. Rbf2 Bg7 25. Bf3 Bb7 26. Qe6 Bc8 27. Qe3 Qf6 28. Bd5 Qxd4 29. Qe7 Qf6 30. Qc7 Be6 31. Qxd6 Bxd5 32. Qxd5 Rbd8 33. Qb7 Rd4 34. c5 bxc5 35. bxc5 Qe5 36. c6 Rd3 37. Rg2 Rb8 38. c7 Rxb7 39. c8=Q+ Rd8 40. Qxd8+ Qe8 41. Qxe8+ Bf8 42. Qxf8# 1-0


[Site "https://www.chess.com"]

[Event "Titled Tuesday Blitz April 11 Early 2023"]
[White "MANOJ_MISHRA123"]
[Black "micke12a"]
[WhiteElo "2121"]
[BlackElo "2313"]
[Result "0-1"]
[Round "10"]
[TimeControl "180+2"]
[Date "2023.04.11"]
[WhiteClock "0:00:11"]
[BlackClock "0:00:06"]

1. d4 Nf6 2. Bg5 Ne4 3. h4 h6 4. Bf4 d5 5. e3 c6 6. Bd3 Nf6 7. c4 e6 8. c5 b6 9. b4 a5 10. a3 axb4 11. Bxb8 Rxb8 12. axb4 bxc5 13. bxc5 Bb7 14. Nc3 Be7 15. Nf3 O-O 16. O-O Nd7 17. g3 e5 18. Bc2 Bf6 19. Ra7 e4 20. Nd2 Nxc5 21. Qb1 Ba6 22. Qa1 Bxf1 23. dxc5 Bb5 24. Qa3 Re8 25. Nxb5 Rxb5 26. Nb3 d4 27. exd4 e3 28. fxe3 Rxe3 29. Qa2 Bxd4 30. Nxd4 Rxg3+ 31. Kf2 Qxd4+ 32. Kxg3 Qe3+ 33. Kg2 Qe2+ 34. Kg1 Qg4+ 35. Kf2 Qxh4+ 36. Ke2 Qg4+ 37. Kd2 Qf4+ 38. Kc3 Rxc5+ 39. Kb2 Rb5+ 40. Bb3 Qf2+ 41. Kc3 Rc5+ 42. Kb4 Qd4+ 43. Bc4 Rxc4+ 44. Qxc4 Qxa7 45. Qxc6 Qe7+ 46. Kc3 Qf6+ 47. Qxf6 gxf6 48. Kd4 Kg7 49. Ke4 Kg6 50. Kf4 f5 51. Ke5 Kg5 52. Kd6 f4 53. Ke7 f5 54. Kf7 f3 55. Kg7 h5 56. Kh7 h4 57. Kg7 h3 58. Kf7 f2 59. Kg7 f1=Q 60. Kh7 h2 61. Kg7 h1=Q 62. Kf7 f4 63. Kg7 Qd3 64. Kf7 f3 65. Kg7 f2 66. Kf7 f1=Q+ 67. Kg7 Qff3 68. Kg8 Qhg2 69. Kg7 Qge2 70. Kh8 Qe7 71. Kg8 Qdd7 72. Kh8 Qfb7 73. Kg8 Qbc7 74. Kh8 Qcd8# 0-1


[Site "https://www.chess.com"]

[Event "Titled Tuesday Blitz April 11 Early 2023"]
[White "Albuquerque Junior,Wellington S."]
[Black "NtcPou"]
[WhiteFideId "2151480"]
[WhiteElo "2109"]
[BlackElo "2003"]
[Result "0-1"]
[Round "10"]
[TimeControl "180+2"]
[Date "2023.04.11"]
[WhiteClock "0:00:02"]
[BlackClock "0:00:07"]

1. c4 c6 2. Nf3 d5 3. g3 Nf6 4. Bg2 Bf5 5. b3 e6 6. O-O h6 7. d3 Nbd7 8. a4 a5 9. Nbd2 Be7 10. Ba3 Bxa3 11. Rxa3 Qe7 12. Ra2 e5 13. Qa1 O-O 14. Rc1 Bh7 15. cxd5 cxd5 16. Nf1 Qd6 17. Ne3 e4 18. dxe4 dxe4 19. Nd2 Nb6 20. Ndc4 Nxc4 21. Nxc4 Qe6 22. Rd2 Rfd8 23. Rcd1 Rxd2 24. Rxd2 Bg6 25. Qe5 Qxe5 26. Nxe5 Bf5 27. e3 Rc8 28. Bf1 Rc1 29. Kg2 Be6 30. Bc4 Bxc4 31. Nxc4 Rb1 32. Nxa5 b6 33. Rd8+ Kh7 34. Nc4 Rxb3 35. Ne5 Ra3 36. Nxf7 Rxa4 37. Rb8 Ra2 38. h3 Nd5 39. Kf1 Ra1+ 40. Ke2 Ra2+ 41. Ke1 Ra1+ 42. Ke2 Ra2+ 43. Kf1 Ra1+ 44. Kg2 Ra2 45. Re8 Nxe3+ 46. Kh2 Rxf2+ 47. Kg1 Rxf7 48. Rxe4 Nd5 49. Re5 Rd7 50. Kf2 b5 51. Ke2 b4 52. Kd3 Nc3+ 53. Kc2 Rb7 54. Kb3 Nd1 55. Re2 Kg6 56. Re6+ Kf5 57. Re1 Nc3 58. Rf1+ Ke4 59. Rf4+ Ke3 60. Rg4 g5 61. h4 gxh4 62. Rxh4 Rb6 63. Rf4 Ne4 0-1


[Site "https://www.chess.com"]

[Event "Titled Tuesday Blitz April 11 Early 2023"]
[White "Lenaerts, Lennert"]
[Black "Qashashvili, Alexandre"]
[WhiteFideId "211435"]
[BlackFideId "13600842"]
[WhiteElo "2334"]
[BlackElo "2405"]
[Result "1-0"]
[Round "10"]
[TimeControl "180+2"]
[Date "2023.04.11"]
[WhiteClock "0:01:28"]
[BlackClock "0:00:01"]

1. d4 c6 2. c4 d5 3. cxd5 cxd5 4. Bf4 Nc6 5. e3 Nf6 6. Nc3 Qb6 7. a3 Bf5 8. Qd2 e6 9. Nf3 Be7 10. Be2 O-O 11. Na4 Qa5 12. Qxa5 Nxa5 13. b4 Nc6 14. O-O Ne4 15. Rfc1 a6 16. Nc5 Bxc5 17. bxc5 Na5 18. Ra2 Rfc8 19. Rb2 h6 20. h3 f6 21. Bd3 Rc6 22. Ne1 Rac8 23. Rcb1 Nc3 24. Bxf5 exf5 25. Rc1 Na4 26. Rb4 b5 27. Nd3 Nc4 28. Rb3 Nd2 29. Rb4 Nc4 30. Rbb1 Nd2 31. Nb4 Nxb1 32. Rxb1 Nc3 33. Rb2 Re6 34. Rc2 Nb1 35. Nxd5 Nxa3 36. Ra2 Nc4 37. Nc7 Rc6 38. Nxa6 Ra8 39. Nb4 Rxa2 40. Nxa2 Ra6 41. Nb4 Ra4 42. Nd5 b4 43. c6 b3 44. c7 Ra8 45. Kf1 b2 46. Nc3 Nd2+ 47. Ke2 b1=Q 48. Nxb1 Nxb1 49. Kd3 Na3 50. d5 Nb5 51. Kc4 Nxc7 52. Bxc7 Kf7 53. Kc5 Ra2 54. Bg3 Rc2+ 55. Kd6 Rd2 56. h4 1-0


[Site "https://www.chess.com"]

[Event "Titled Tuesday Blitz April 11 Early 2023"]
[White "Halldorsson, Halldor"]
[Black "Ciuffoletti, Paolo"]
[WhiteFideId "2301369"]
[BlackFideId "807630"]
[WhiteElo "2190"]
[BlackElo "2143"]
[Result "1-0"]
[Round "10"]
[TimeControl "180+2"]
[Date "2023.04.11"]
[WhiteClock "0:02:07"]
[BlackClock "0:00:16"]

1. e4 c5 2. Nf3 Nc6 3. Bb5 e6 4. O-O Nge7 5. b3 a6 6. Bxc6 Nxc6 7. Bb2 f6 8. d4 cxd4 9. Nxd4 Be7 10. c4 O-O 11. Nc3 Qa5 12. Nde2 b5 13. cxb5 axb5 14. Qd3 Rb8 15. Nd4 Ne5 16. Qg3 Ba6 17. Rfd1 Bc5 18. Nf3 b4 19. Nxe5 bxc3 20. Bxc3 Qc7 21. Rxd7 1-0


[Site "https://www.chess.com"]